 Dungeon Crawl Stone Soup version 0.19.5 (webtiles) character file.

187 Zhenya24pyc the Cudgeler (level 5, -3/32 HPs)
             Began as a Gargoyle Fighter on May 3, 2017.
             Slain by Zhenya24pyc's ghost (7 damage)
             ... on level 5 of the Dungeon.
             The game lasted 00:03:56 (2571 turns).

Zhenya24pyc the Cudgeler (Gargoyle Fighter)         Turns: 2571, Time: 00:03:56

Health: -3/32      AC: 15    Str: 20    XL:     5   Next: 66%
Magic:  5/5        EV:  5    Int:  9    God:
Gold:   216        SH: 13    Dex:  9    Spells: 0 memorised, 4 levels left

rFire  . . .     SeeInvis .     a - +0 flail
rCold  . . .     Gourm    .     b - +0 scale mail
rNeg   + . .     Faith    .     t - +0 large shield
rPois  ∞         Spirit   .     w - +2 helmet
rElec  +         Reflect  .     s - +0 cloak (curse)
rCorr  .         Harm     .     (no gloves)
MR     .....                    (no boots)
Stlth  ..........               (no amulet)
                                (no ring)
                                i - ring of flight

@: no status effects
A: negative energy resistance 1, electricity resistance, unbreathing,
petrification resistance, rot immunity, AC +4
a: Evoke Flight


You were on level 5 of the Dungeon.
You were not hungry.

You visited 1 branch of the dungeon, and saw 5 of its levels.

You collected 216 gold pieces.

Inventory:

Hand Weapons
 a - a +0 flail (weapon)
Armour
 b - a +0 scale mail (worn)
 c - a +0 shield
 s - a cursed +0 cloak (worn)
 t - a +0 large shield (worn)
 w - a +2 helmet (worn)
Jewellery
 i - a ring of flight (left hand)
Scrolls
 g - a scroll of enchant weapon {unknown}
 m - a scroll of blinking {unknown}
 o - a scroll of amnesia {unknown}
 q - 3 scrolls of remove curse {unknown}
 r - a scroll of magic mapping {unknown}
 x - 2 scrolls of teleportation {unknown}
 y - a scroll of random uselessness {unknown}
Potions
 d - a potion of might
 e - a potion of ambrosia {unknown}
 k - 4 potions of curing {unknown}
 l - 3 potions of cancellation {unknown}
 n - a potion of degeneration {unknown}
 p - 2 potions of magic {unknown}
 v - a potion of haste {unknown}
Books
 z - a book of Conjurations

   Spells                             Type                      Level
   a - Magic Dart                     Conjuration                  1
   b - Searing Ray                    Conjuration                  2
   c - Dazzling Spray                 Conjuration/Hexes            3
   d - Fulminant Prism                Conjuration/Hexes            4
   e - Iskenderun's Mystic Blast      Conjuration                  4
   f - Iskenderun's Battlesphere      Conjuration/Charms           5
Comestibles
 f - 4 bread rations
 h - 4 fruits
 j - a beef jerky
 u - a royal jelly
 A - 3 chunks of flesh


   Skills:
 + Level 3.6 Fighting
 * Level 5.1 Maces & Flails
 + Level 3.6 Armour
 + Level 3.5 Shields


You had 4 spell levels left.
You didn't know any spells.

Dungeon Overview and Level Annotations

Branches:
Dungeon (5/15)
 Temple: D:4-7

Altars:
Trog
Xom

Annotations:
D:5 Zhenya24pyc's ghost, novice GrFi


Innate Abilities, Weirdness & Mutations

You are resistant to torment.
Your stone body is resilient. (AC +4)
You are immune to poison.
You resist negative energy. (rN+)
You are resistant to electric shocks. (rElec)
You can survive without breathing.
You are immune to petrification.
You are immune to rotting.


Message History

You block Zhenya24pyc's ghost's attack.
Your shield and scale mail prevent you from hitting Zhenya24pyc's ghost.
Zhenya24pyc's ghost is moderately damaged.
Zhenya24pyc's ghost hits you.
Your shield prevents you from hitting Zhenya24pyc's ghost.
Zhenya24pyc's ghost is moderately damaged.
You block Zhenya24pyc's ghost's attack. Zhenya24pyc's ghost hits you!
You hit Zhenya24pyc's ghost but do no damage.
Zhenya24pyc's ghost is moderately damaged.
Zhenya24pyc's ghost hits you but does no damage.
You barely miss Zhenya24pyc's ghost.
Zhenya24pyc's ghost is moderately damaged.
Zhenya24pyc's ghost hits you.
You hit Zhenya24pyc's ghost.
Zhenya24pyc's ghost is moderately damaged.
Zhenya24pyc's ghost hits you but does no damage.
Zhenya24pyc's ghost hits you.
* * * LOW HITPOINT WARNING * * *
x2 Zhenya24pyc's ghost hits you!
You die...

....
#....####
#.....#.#
#.....#.#
#.....#.#
#....?#.###
#....@..#
#.#.W...#
#...<...#
###.....#
.......#
##......#
#........
#.........
#.##......#


You could see Zhenya24pyc's ghost.

Vanquished Creatures
  A hound (D:4)
  A hound skeleton (D:4)
  A howler monkey skeleton (D:5)
  6 adders
  An ooze (D:2)
  3 dart slugs
  2 leopard geckos
  14 bats
  6 giant cockroaches
  5 goblins
  3 hobgoblins
  5 jackals
  4 ball pythons
  4 frilled lizards
  10 kobolds
  6 rats
72 creatures vanquished.

Notes
Turn   | Place    | Note
-------+----------+-------------------------------------------
     0 | D:1      | Zhenya24pyc the Gargoyle Fighter began the quest for the Orb.
     0 | D:1      | Reached XP level 1. HP: 14/14 MP: 1/1
   123 | D:1      | Reached XP level 2. HP: 11/19 MP: 2/2
   139 | D:1      | Reached skill level 3 in Maces & Flails
   545 | D:1      | Reached XP level 3. HP: 23/23 MP: 3/3
   942 | D:2      | Reached skill level 4 in Maces & Flails
   963 | D:2      | Reached XP level 4. HP: 23/28 MP: 4/4
  1990 | D:3      | Found a bloodstained altar of Trog.
  1991 | D:3      | Found a shimmering altar of Xom.
  2031 | D:3      | Reached skill level 5 in Maces & Flails
  2031 | D:3      | Reached XP level 5. HP: 31/32 MP: 5/5
  2550 | D:5      | Entered Level 5 of the Dungeon
  2550 | D:5      | Noticed Zhenya24pyc's ghost (novice GrFi)
  2571 | D:5      | Slain by Zhenya24pyc's ghost

Skill      XL: |  1  2  3  4 |
---------------+-------------+-----
Maces & Flails | 3 4 5 |  5.1
Fighting       | |  3.6
Armour         | |  3.6
Shields        | |  3.5

Action                   |  1- 3 |  4- 6 || total
-------------------------+-------+-------++-------
Melee: Flail             |   129 |   175 ||   304
  Eat: Chunk             |       |     6 ||     6
Armor: Scale mail        |    99 |   127 ||   226
Dodge: Dodged            |    55 |    57 ||   112
Block: Shield            |   110 |    18 ||   128
       Large shield      |       |   136 ||   136
